 Dungeon Crawl Stone Soup version 0.32-a0-918-g0f22ef8d61 (webtiles) character file.

Game seed: 11735781318423091043

987 Fodor the Chopper (level 7, -3/62 HPs)
             Began as a Minotaur Fighter on Apr 10, 2024.
             Was an Initiate of Gozag.
             Slain by Duvessa
             ... wielding a +0 short sword
              (10 damage)
             ... on level 5 of the Dungeon.
             The game lasted 00:12:07 (3149 turns).

Fodor the Chopper (Minotaur Fighter)                Turns: 3149, Time: 00:12:09

Health: -3/62      AC: 15    Str: 22    XL:     7   Next: 97%
Magic:  6/6        EV:  8    Int:  5    God:    Gozag
Gold:   291        SH:  0    Dex: 16    Spells: 6/6 levels left

rFire   . . .        w - +0 scythe
rCold   . . .        (shield currently unavailable)
rNeg    . . .        b - +0 chain mail {rPois}
rPois   +            (helmet restricted)
rElec   .            D - +0 cloak {rPois}
rCorr   .            (no gloves)
SInv    .            (no boots)
Will    .....        B - amulet of regeneration Stlth
                     h - +4 ring of protection
HPRegen 1.10/turn    y - +6 ring of dexterity
MPRegen 0.10/turn

%: no passive effects
@: gold aura
A: horns 2, retaliatory headbutt
a: Renounce Religion, Potion Petition, Call Merchant, Bribe Branch


You were on level 5 of the Dungeon.
You worshipped Gozag.
Gozag was aware of your devotion.
You visited 2 branches of the dungeon, and saw 6 of its levels.

You collected 416 gold pieces.
You spent 58 gold pieces at shops.
You paid 67 gold pieces to Gozag.

Inventory:

Hand Weapons
 a - a +0 war axe
 p - a +0 arbalest
 w - a +0 scythe (weapon)
Missiles
 x - 3 boomerangs (quivered)
Armour
 b - a +0 chain mail of poison resistance (worn)
 c - a +0 buckler
 D - a +0 cloak of poison resistance (worn)
Jewellery
 h - a +4 ring of protection (left hand)
 r - a ring of fire
 y - a +6 ring of dexterity (right hand)
 B - an amulet of regeneration (around neck)
Talismans
 i - a storm talisman
Scrolls
 g - a scroll of silence {unknown}
 j - 6 scrolls of identify
 k - a scroll of blinking {unknown}
 l - a scroll of summoning {unknown}
 n - a scroll of poison {unknown}
 o - a scroll of enchant armour {unknown}
 q - a scroll of acquirement {unknown}
 v - a scroll of vulnerability {unknown}
 z - 2 scrolls of teleportation {unknown}
 A - a scroll of fog {unknown}
Potions
 d - a potion of might
 e - 2 potions of curing
 f - a potion of lignification {unknown}
 m - 2 potions of invisibility {unknown}
 s - a potion of attraction {unknown}
 t - 4 potions of enlightenment {unknown}
 u - a potion of heal wounds {unknown}
 C - a potion of degeneration {unknown}


   Skills:
 + Level 5.9 Fighting
 + Level 6.2(6.6) Axes
 + Level 2.9(5.0) Polearms
 + Level 3.6 Ranged Weapons
 + Level 5.5 Armour
 + Level 2.2 Dodging
 + Level 0.1 Stealth
 + Level 4.8 Shields


You had 6 spell levels left.
You didn't know any spells.
Your spell library contained the following spells:

 Spells                   Type           Power      Damage    Failure   Level
 Lesser Beckoning         Tloc           0%         N/A       99%         2
 Maxwell's Portable Pile  Tloc           0%         2d(5-13)  100%        3
 Teleport Other           Tloc           0%         N/A       100%        3


Dungeon Overview and Level Annotations

Branches:
Dungeon (5/15)             Temple (1/1) D:4

Altars:
Fedhas
Gozag
Makhleb
Nemelex Xobeh
Okawaru
Qazlal
Ru
Uskayaw
Lugonu

Shops:
D:3 !   D:5 *

Annotations:
D:5 Duvessa


Innate Abilities, Weirdness & Mutations

You have a pair of horns on your head.
You reflexively headbutt those who attack you in melee.


Message History

Duvessa hits you with a +0 short sword. Dowan barely misses you.
You closely miss Dowan. You headbutt Dowan.
Dowan is severely wounded.
Duvessa hits you with a +0 short sword. Dowan hits you with a +0 dagger.
Duvessa hits you with a +0 short sword. Dowan hits you with a +0 dagger.
You miss Dowan.
Dowan is severely wounded.
Duvessa barely misses you. Dowan hits you but does no damage.
You hit Dowan but do no damage.
Dowan is severely wounded.
Duvessa hits you with a +0 short sword! Dowan hits you but does no damage.
You slash Dowan!
You kill Dowan!
Duvessa screams in rage.
Duvessa goes berserk!
Duvessa hits you but does no damage. Duvessa barely misses you.
Duvessa hits you with a +0 short sword! x2
Things that are here:
8 gold pieces; a +0 dagger; a +0 robe Duvessa barely misses you.
You hit Duvessa.
Duvessa is lightly wounded.
Duvessa hits you but does no damage. Duvessa completely misses you.
You slash Duvessa!
Duvessa is moderately wounded.
Duvessa hits you with a +0 short sword!
* * * LOW HITPOINT WARNING * * *
Duvessa hits you with a +0 short sword!
* * * LOW HITPOINT WARNING * * *
You closely miss Duvessa.
Duvessa is moderately wounded.
Duvessa is distracted by your dazzling golden aura.
Duvessa shouts!
You slash Duvessa!
Duvessa is no longer distracted by gold.
Duvessa is heavily wounded.
Duvessa completely misses you. You furiously retaliate!
You headbutt Duvessa! Duvessa hits you with a +0 short sword!
You die...
Your body crumbles into a pile of gold.

#................#######
....####'######..........
. #.........#..........
#.........'..........
#.........#..........
#...###..##.........
#######..#.......##
#.....e$.#.......#
+......@.#.......#
#........#.......#..
#........#.......#...
#.$...>..#.......#...
##########.......#...
........##...##+
.........#.......
.........#.......
.........#.......


You could see Duvessa (berserk).

Vanquished Creatures
  Sigmund (D:2)
  A steam dragon (D:3)
  An ice beast (D:5)
  An ogre (D:4)
  2 scorpions (D:4)
  Dowan (D:5)
  A hound (D:4)
  A bombardier beetle (D:3)
  An orc priest (D:4)
  A gnoll bouda (D:4)
  An orc wizard (D:4)
  9 gnolls
  5 adders
  2 ribbon worms (D:2)
  10 orcs
  6 bats (D:1)
  6 endoplasms
  3 giant cockroaches
  4 hobgoblins
  3 quokkas
  6 ball pythons
  3 frilled lizards
  8 goblins
  11 kobolds
  6 rats
94 creatures vanquished.

Notes
Turn   | Place    | Note
-------+----------+-------------------------------------------
     0 | D:1      | Fodor the Minotaur Fighter began the quest for the Orb.
     0 | D:1      | Reached XP level 1. HP: 19/19 MP: 0/0
   157 | D:1      | Reached XP level 2. HP: 26/27 MP: 1/1
   491 | D:1      | Reached skill level 3 in Axes
   674 | D:2      | Reached XP level 3. HP: 26/33 MP: 2/2
   745 | D:2      | Noticed Sigmund
   761 | D:2      | Killed Sigmund
   762 | D:2      | Reached skill level 4 in Axes
   762 | D:2      | Reached XP level 4. HP: 26/41 MP: 3/3
   762 | D:2      | Reached XP level 5. HP: 30/47 MP: 4/4
   906 | D:2      | Identified the +2 leather armour "Jewareeb" {Harm rElec rF+
                  | Dex+2}
  1149 | D:2      | Reached skill level 1 in Dodging
  1266 | D:3      | Found Pikkysa's Distillery.
  1286 | D:3      | Bought a potion of curing for 30 gold pieces
  1296 | D:3      | Reached skill level 5 in Axes
  1661 | D:3      | Identified the +8 long sword of Internal Strife {heavy, rC+
                  | Stlth+}
  1778 | D:3      | Noticed a steam dragon
  1787 | D:3      | Killed a steam dragon
  1788 | D:3      | Reached XP level 6. HP: 29/53 MP: 5/5
  2265 | D:4      | Reached skill level 6 in Axes
  2276 | D:4      | Reached skill level 5 in Armour
  2282 | D:4      | Reached skill level 1 in Ranged Weapons
  2316 | D:4      | Found a staircase to the Ecumenical Temple.
  2327 | Temple   | Entered the Ecumenical Temple
  2357 | Temple   | Became a worshipper of Gozag Ym Sagoz the Greedy
  2392 | D:4      | Reached XP level 7. HP: 60/60 MP: 6/6
  2427 | D:4      | Reached skill level 5 in Fighting
  2427 | D:4      | Reached skill level 1 in Polearms
  2870 | D:5      | Entered Level 5 of the Dungeon
  3106 | D:5      | Found Duostriorgh's General Store.
  3112 | D:5      | Bought a scroll of identify for 28 gold pieces
  3132 | D:5      | Noticed Duvessa
  3132 | D:5      | Noticed Dowan
  3143 | D:5      | Killed Dowan
  3149 | D:5      | Slain by Duvessa

Illustrated notes

Levels and vault maps discovered:
D:1:      wheals_arrival_shading, layout_rooms, kennysheep_another_room
D:2:      layout_rooms, minmay_misc_feat_columns, lexackson_kobold_supper,
          uniq_sigmund
D:3:      minmay_skewed_foursquare, layout_loops_cross, serial_shops,
          nicolae_shop_crystal
D:4:      layout_rooms, minmay_temple_entry_mist
D:5:      layout_gridville, elyvilon_altar_5, serial_shops, nicolae_shop_trees,
          chequers_serial_rivers_small_b, uniq_prince_ribbit1,
          uniq_blork_the_orc, uniq_duvessa
Temple:   corrupted_temple

Skill      XL: |  1  2  3  4  5  6  7 |
---------------+----------------------+-----
Shields        | 4 |  4.8
Axes           | 3 4 5 6 |  6.2
Fighting       | 4 5 |  5.9
Armour         | 4 5 |  5.5
Dodging        | 1 2 |  2.2
Ranged Weapons | 1 3 |  3.6
Polearms       | 2 |  2.9
Stealth        | |  0.1

Action                     |  1- 3 |  4- 6 |  7- 9 || total
---------------------------+-------+-------+-------++-------
  Melee: War axe           |    51 |    72 |       ||   123
         Headbutt          |     8 |    14 |     5 ||    27
         Halberd           |       |    27 |    30 ||    57
   Fire: Arbalest          |       |     4 |    35 ||    39
 Armour: Scale mail        |    40 |   107 |     2 ||   149
         Chain mail        |       |       |    58 ||    58
  Dodge: Dodged            |    35 |    54 |    23 ||   112
  Block: Buckler           |    14 |    15 |       ||    29

Table legend: (Time is in decaauts)
 A = Elapsed time spent in this place.
 B = Non-inter-level travel time spent in this place.
 C = Inter-level travel time spent in this place.
 D = Time resting spent in this place.
 E = Time spent auto-exploring this place.
 F = Levels seen in this place.
 G = Mean time per level.
                   A        B        C        D        E       F      G
               +--------+--------+--------+--------+--------+-----+--------+
         Total |   3244 |   3132 |    112 |      0 |   2026 |   6 |  540.7 |
       Dungeon |   3197 |   3085 |    112 |      0 |   2026 |   5 |  639.4 |
        Temple |     46 |     46 |      0 |      0 |      0 |   1 |   46.0 |
               +--------+--------+--------+--------+--------+-----+--------+

Top non-repeatable levels by time:
     D:3: 945 daAuts
     D:4: 663 daAuts
     D:1: 645 daAuts
     D:2: 645 daAuts
     D:5: 297 daAuts
  Temple: 46 daAuts
